 Dungeon Crawl Stone Soup version 0.26.1-11-gd32895ea62 (webtiles) character file.

Game seed: 11154113399069041002

174 Zeld the Shooter (level 5, -6/32 HPs)
             Began as a Tengu Hunter on June 13, 2021.
             Killed from afar by Ijyb (7 damage)
             ... with a puff of flame
             ... on level 3 of the Dungeon.
             The game lasted 00:05:01 (2901 turns).

Zeld the Shooter (Tengu Hunter)                     Turns: 2901, Time: 00:05:02

Health: -6/32      AC:  4    Str: 13    XL:     5   Next: 54%
Magic:  6/6        EV: 13    Int: 11    God:
Gold:   90         SH:  0    Dex: 15    Spells: 4/4 levels left

rFire    . . .     SeeInvis .   b - +0 short sword
rCold    . . .     Faith    .   (no shield)
rNeg     . . .     Spirit   .   c - +0 leather armour
rPois    .         Reflect  .   (helmet restricted)
rElec    .         Harm     .   l - +0 cloak
rCorr    .         Rampage  .   (no gloves)
Will     .....                  (boots unavailable)
Stlth    +.........             (no amulet)
HPRegen  0.10/turn              (no ring)
MPRegen  0.10/turn              (no ring)

@: no status effects
A: beak, talons 3, able to fly
a: Fly


You were on level 3 of the Dungeon.
You visited 1 branch of the dungeon, and saw 3 of its levels.

You collected 90 gold pieces.

Inventory:

Hand Weapons
 a - a +1 shortbow
 b - a +0 short sword (weapon)
Missiles
 d - 62 arrows
Armour
 c - a +0 leather armour (worn)
 l - a +0 cloak (worn)
Jewellery
 f - an uncursed ring of stealth {unknown}
 h - an uncursed ring of fire {unknown}
Scrolls
 e - 4 scrolls of enchant armour {unknown}
 g - 3 scrolls of identify {unknown}
 m - a scroll of noise {unknown}
 q - a scroll of enchant weapon {unknown}
 t - a scroll of magic mapping {unknown}
Potions
 i - a potion of lignification {unknown}
 j - a potion of ambrosia {unknown}
 k - a potion of haste {unknown}
 n - a potion of invisibility {unknown}
 o - 4 potions of resistance {unknown}
 p - 2 potions of attraction {unknown}
 r - a potion of heal wounds {unknown}
 s - a potion of might {unknown}


   Skills:
 + Level 2.9 Fighting
 * Level 2.8 Short Blades
 * Level 5.4 Bows
 + Level 3.3 Dodging
 - Level 1.0 Stealth


You had 4 spell levels left.
You didn't know any spells.
Your spell library was empty.

Dungeon Overview and Level Annotations

Branches:
Dungeon (3/15)

Altars:
Okawaru
Ru

Annotations:
D:3 Ijyb


Innate Abilities, Weirdness & Mutations

You have a beak for a mouth.
You have claws for feet.
You can fly continuously.


Message History

You closely miss Ijyb.
Ijyb is moderately wounded.
You hit Ijyb. You peck Ijyb, but do no damage.
Ijyb is moderately wounded.
Ijyb zaps a wand.
The puff of flame hits you.
You are too injured to fight recklessly!
You are too injured to fight recklessly!
You are too injured to fight recklessly!
Ijyb hits you but does no damage.
Ijyb zaps a wand.
The puff of flame hits you!
* * * LOW HITPOINT WARNING * * *
Why would you want to do that? Why would you want to do that?
There is an open door here.
You open the door.
There is an open door here.
Ijyb zaps a wand.
The puff of flame hits you!
* * * LOW HITPOINT WARNING * * *
Ijyb zaps a wand.
The puff of flame hits you!
You die...

#...≈.......#...#
###..≈≈≈≈...####..#
#.....≈...g...#...#
#.....≈...#...#..##
#.....≈≈≈g#'###..#
#...#.....#.....##
#####...#_#.#...#
#####...#####...#
#...#...#.#.#.@.#
#...#.....#.....##
#.....###+#'###..##
........#...#...#...#
###.....#.......#...#
#####..####...####..#
........#.......#...#
........#.......#...#
.####.#.###....####.#


You could see Ijyb.

Vanquished Creatures
  Jessica (D:2)
  Natasha (thrice) (D:2)
  2 worms
  2 dart slugs (D:1)
  3 leopard geckos
  An orc (D:3)
  2 giant cockroaches (D:3)
  14 goblins
  6 hobgoblins
  3 jackals (D:1)
  8 kobolds
  4 bats
  2 frilled lizards (D:1)
  A jackal zombie (D:2)
  7 rats
59 creatures vanquished.

Notes
Turn   | Place    | Note
-------+----------+-------------------------------------------
     0 | D:1      | Zeld the Tengu Hunter began the quest for the Orb.
     0 | D:1      | Reached XP level 1. HP: 12/12 MP: 2/2
    76 | D:1      | Reached XP level 2. HP: 15/17 MP: 3/3
    83 | D:1      | Reached skill level 1 in Short Blades
   594 | D:1      | Reached XP level 3. HP: 16/21 MP: 4/4
  1474 | D:2      | Noticed Jessica
  1476 | D:2      | Killed Jessica
  1477 | D:2      | Reached skill level 5 in Bows
  1477 | D:2      | Reached XP level 4. HP: 27/27 MP: 5/5
  1651 | D:2      | Noticed Natasha
  1657 | D:2      | Killed Natasha
  1897 | D:2      | Noticed Natasha
  1946 | D:2      | Found an iron altar of Okawaru.
  2162 | D:2      | Killed Natasha
  2163 | D:2      | Gained mutation: You can fly continuously. [Tengu growth]
  2163 | D:2      | Reached XP level 5. HP: 26/32 MP: 6/6
  2303 | D:2      | Noticed Natasha
  2308 | D:2      | Killed Natasha
  2855 | D:3      | Found a sacrificial altar of Ru.
  2880 | D:3      | Noticed Ijyb
  2898 | D:3      | HP: 1/32 [Ijyb/puff of flame (7)]
  2901 | D:3      | Killed from afar by Ijyb

Illustrated notes

Levels and vault maps discovered:
D:1:      scummos_arrival_star, layout_loops_cross
D:2:      layout_basic, okawaru_trees_2, uniq_natasha, uniq_jessica
D:3:      layout_rooms, chequers_ecumenical_altar_island, hangedman_ru_absence,
          uniq_ijyb

Skill      XL: |  1  2  3  4 |
---------------+-------------+-----
Short Blades   | 1 2 |  2.8
Bows           | 5 |  5.4
Dodging        | 3 |  3.3
Fighting       | |  2.9
Stealth        | |  1.0

Action                   |  1- 3 |  4- 6 || total
-------------------------+-------+-------++-------
Melee: Short sword       |    38 |    16 ||    54
       Kick              |    10 |     4 ||    14
       Peck              |     8 |     6 ||    14
 Fire: Shortbow          |    46 |    96 ||   142
Armor: Leather armour    |     5 |     7 ||    12
Dodge: Dodged            |    26 |    24 ||    50
